 Dungeon Sprint DCSS version 0.30-a0-223-gcb0039aa0c (webtiles) character file.

Game seed: 16713605367843628102

147 rocky1 the Trooper (level 5, -3/36 HPs)
             Began as a Gargoyle Fighter on Oct 10, 2022.
             Was an Initiate of Okawaru.
             Slain by a black mamba (8 damage)
             ... in the Dungeon (Sprint VII: "The Pits").
             The game lasted 00:02:42 (728 turns).

rocky1 the Trooper (Gargoyle Fighter)                Turns: 728, Time: 00:02:42

Health: -3/36      AC: 25    Str: 21    XL:     5   Next: 29%
Magic:  7/7        EV:  6    Int:  9    God:    Okawaru [......]
Gold:   0          SH:  5    Dex:  9    Spells: 4/4 levels left

rFire   . . .      SeeInvis .    n - +0 mace (protect)
rCold   . . .      Faith    .    c - +0 buckler
rNeg    + . .      Spirit   .    a - +2 plate armour
rPois   ∞          Reflect  .    (no helmet)
rElec   +          Harm     .    (no cloak)
rCorr   .          Rampage  .    (no gloves)
Will    .....      NoTele   +    (no boots)
Stlth   ..........               (no amulet)
HPRegen 0.26/turn                (no ring)
MPRegen 0.10/turn                (no ring)

@: under a protective aura
A: sickness immunity, AC +4, negative energy resistance 1, electricity
resistance, torment resistance 1, petrification resistance
a: Renounce Religion


You were in the Dungeon.
You worshipped Okawaru.
Okawaru was noncommittal.
You visited 1 branch

Inventory:

Hand Weapons
 n - a +0 mace of protection (weapon)
 o - a +0 hand axe of freezing
Armour
 a - a +2 plate armour (worn)
 b - a +0 scale mail
 c - a +0 buckler (worn)
Scrolls
 j - a scroll of blinking
 l - 5 scrolls of amnesia
Potions
 d - a potion of might
 e - 6 potions of curing
 f - 6 potions of heal wounds
 g - a potion of haste
 h - 4 potions of magic
 i - 3 potions of berserk rage
 k - 2 potions of invisibility


   Skills:
 + Level 6.2 Fighting
 + Level 5.0 Maces & Flails
 + Level 5.0 Armour
 + Level 2.6 Dodging
 + Level 6.1 Shields
 + Level 3.3 Invocations


You had 4 spell levels left.
You didn't know any spells.
Your spell library was empty.

Dungeon Overview and Level Annotations

Branches:
Dungeon (1/1)

Altars:
Ashenzari
Cheibriados
Dithmenos
Elyvilon
Fedhas
Gozag
Hepliaklqana
Kikubaaqudgha
Makhleb
Nemelex Xobeh
Okawaru
Qazlal
Ru
Sif Muna
Trog
Uskayaw
Vehumet
Wu Jian
Xom
Yredelemnul
Zin
The Shining One
Jiyva
Lugonu


Innate Abilities, Weirdness & Mutations

You are immune to sickness and miasma.
Your stone body is resilient. (AC +4)
You are immune to poison.
You resist negative energy. (rN+)
You are resistant to electric shocks. (rElec)
You are resistant to unholy torment.
You are immune to petrification.


Message History

The black mamba bites you.
You hit the black mamba.
Your weapon exudes an aura of protection.
The black mamba is lightly wounded.
The black mamba bites you.
The black mamba bites you but does no damage.
You hit the black mamba but do no damage.
The black mamba is lightly wounded.
The black mamba bites you but does no damage.
The black mamba bites you!
You closely miss the black mamba.
The black mamba is lightly wounded.
The black mamba bites you but does no damage.
You block the black mamba's attack.
You miss the black mamba.
The black mamba is lightly wounded.
You block the black mamba's attack. x2
You sock the black mamba!
The black mamba is moderately wounded.
You block the black mamba's attack. The black mamba closely misses you.
You closely miss the black mamba.
The black mamba is moderately wounded.
The black mamba bites you but does no damage.
You block the black mamba's attack.
You barely miss the black mamba.
The black mamba is moderately wounded.
The black mamba barely misses you.
The black mamba bites you but does no damage.
You hit the black mamba but do no damage.
The black mamba is moderately wounded.
You block the black mamba's attack.
The black mamba bites you but does no damage. x2
You closely miss the black mamba.
The black mamba is moderately wounded.
The black mamba barely misses you. The black mamba bites you!
* * * LOW HITPOINT WARNING * * *
You miss the black mamba.
The black mamba is moderately wounded.
The black mamba bites you!
You die...

#.#...)))[.##.......#
#)###########.......#
#.......# #########
#.......# #...#...#
#..###..#+#
#...#...#.+
#.......#S#
#.......'@#
###########


You could see a black mamba.

Vanquished Creatures
  A bullfrog (D)
  An orc priest (D)
  An orc wizard (D)
  A gnoll (D)
  An adder skeleton (D)
  2 orcs (D)
  An endoplasm (D)
  A giant cockroach (D)
  A goblin (D)
  2 jackals (D)
  2 quokkas (D)
  A ball python (D)
  5 bats (D)
  A jackal skeleton (D)
21 creatures vanquished.

Notes
Turn   | Place    | Note
-------+----------+-------------------------------------------
     0 | D        | rocky1 the Gargoyle Fighter began the quest for the Orb.
     0 | D        | Reached XP level 1. HP: 14/14 MP: 1/1
    20 | D        | Reached XP level 2. HP: 4/20 MP: 2/2
   193 | D        | Found a bloodstained altar of Trog.
   193 | D        | Found a shimmering blue altar of Sif Muna.
   193 | D        | Found a viscous altar of Jiyva.
   193 | D        | Found a hazy altar of Hepliaklqana.
   193 | D        | Found an opulent altar of Gozag.
   194 | D        | Found a glowing golden altar of the Shining One.
   194 | D        | Found a glowing silver altar of Zin.
   194 | D        | Found a basalt altar of Yredelemnul.
   194 | D        | Found a shimmering altar of Xom.
   194 | D        | Found an ornate altar of the Wu Jian Council.
   194 | D        | Found a sacrificial altar of Ru.
   194 | D        | Found a stormy altar of Qazlal.
   194 | D        | Found an iron altar of Okawaru.
   194 | D        | Found a sparkling altar of Nemelex Xobeh.
   194 | D        | Found a burning altar of Makhleb.
   194 | D        | Found a blossoming altar of Fedhas.
   194 | D        | Found a white marble altar of Elyvilon.
   194 | D        | Found a shadowy altar of Dithmenos.
   194 | D        | Found a snail-covered altar of Cheibriados.
   197 | D        | Found a corrupted altar of Lugonu.
   197 | D        | Found a radiant altar of Vehumet.
   198 | D        | Found an ancient bone altar of Kikubaaqudgha.
   198 | D        | Found a hide-covered altar of Uskayaw.
   198 | D        | Found a broken altar of Ashenzari.
   202 | D        | Became a worshipper of Warmaster Okawaru
   423 | D        | Reached XP level 3. HP: 25/25 MP: 3/3
   593 | D        | Reached skill level 5 in Fighting
   597 | D        | Reached skill level 1 in Dodging
   597 | D        | Reached skill level 5 in Shields
   597 | D        | Reached skill level 1 in Invocations
   597 | D        | Reached XP level 4. HP: 25/31 MP: 3/5
   616 | D        | Noticed a bullfrog
   627 | D        | Killed a bullfrog
   628 | D        | Reached skill level 5 in Maces & Flails
   628 | D        | Reached skill level 5 in Armour
   628 | D        | Reached XP level 5. HP: 16/36 MP: 5/7
   716 | D        | Noticed a black mamba
   728 | D        | Slain by a black mamba

Illustrated notes

Levels and vault maps discovered:
D:        pitsprint [storerooms_1, entrance_room_1, metal_vault_5, armoury_1,
          mini_pit_1, grid_room_1, main_hall_1, silver_pit, the_coven_3,
          the_vestibule_1, steel_vault_2, golden_pit, hallway_of_sentries,
          crystal_vault_2, iron_vault_4, final_vault]

Skill      XL: |  1  2  3  4 |
---------------+-------------+-----
Fighting       | 4 5 6 |  6.2
Maces & Flails | 3 4 5 |  5.0
Shields        | 4 5 6 |  6.1
Dodging        | 1 2 |  2.6
Invocations    | 1 3 |  3.3
Armour         | 5 |  5.0

Action                   |  1- 3 |  4- 6 || total
-------------------------+-------+-------++-------
Melee: Flail             |    51 |       ||    51
       Mace              |     7 |    38 ||    45
Armor: Scale mail        |    43 |       ||    43
       Plate armour      |     7 |    29 ||    36
Dodge: Dodged            |    45 |    13 ||    58
Block: Buckler           |    20 |     7 ||    27

Table legend: (Time is in decaauts)
 A = Elapsed time spent in this place.
 B = Non-inter-level travel time spent in this place.
 C = Inter-level travel time spent in this place.
 D = Time resting spent in this place.
 E = Time spent auto-exploring this place.
 F = Levels seen in this place.
 G = Mean time per level.
                   A        B        C        D        E       F      G
               +--------+--------+--------+--------+--------+-----+--------+
         Total |    751 |    737 |     14 |    469 |      0 |   1 |  751.0 |
       Dungeon |    751 |    737 |     14 |    469 |      0 |   1 |  751.0 |
               +--------+--------+--------+--------+--------+-----+--------+

Top non-repeatable levels by time:
       D: 751 daAuts
